 Dungeon Crawl Stone Soup version 0.18.1-48-g4cf74bf (webtiles) character file.

67 pancakeRgood the Stinger (level 3, 0/20 HPs)
             Began as a Deep Elf Venom Mage on Aug 23, 2016.
             Succumbed to an adder's poison
             ... on level 2 of the Dungeon.
             The game lasted 00:04:45 (1333 turns).

pancakeRgood the Stinger (Deep Elf Venom Mage)      Turns: 1333, Time: 00:04:46

Health: 0/20       AC:  2    Str:  5    XL:     3   Next: 98%
Magic:  7/10       EV: 13    Int: 20    God:
Gold:   68         SH:  0    Dex: 15    Spells: 1 memorised, 8 levels left

rFire  . . .     SeeInvis .     l - +0 short sword
rCold  . . .     Gourm    .     a - +0 robe
rNeg   . . .     Faith    .     (no shield)
rPois  .         Spirit   .     (no helmet)
rElec  .         Dismiss  .     (no cloak)
rCorr  .         Reflect  .     (no gloves)
SustAt .         Harm     .     (no boots)
MR     .....                    (no amulet)
Stlth  ++........               (no ring)
                                (no ring)

@: lethally poisoned (0 -> -8), not resistant to hostile enchantments,
unstealthy
A: no striking features
a: no special abilities


You were on level 2 of the Dungeon.
You were not hungry.

You visited 1 branch of the dungeon, and saw 2 of its levels.

You collected 68 gold pieces.

Inventory:

Hand Weapons
 j - a +0 club
 l - a +0 short sword (weapon)
Missiles
 g - 42 stones (quivered)
 i - 18 arrows
Armour
 a - a +0 robe (worn)
 p - a +0 ring mail
Jewellery
 q - an uncursed amulet of harm {unknown}
Scrolls
 d - 2 scrolls of identify {unknown}
 e - 3 scrolls of recharging {unknown}
 f - a scroll of blinking {unknown}
 m - a scroll of teleportation {unknown}
 n - 3 scrolls of remove curse {unknown}
Potions
 h - a potion of flight {unknown}
 k - a potion of mutation {unknown}
Books
 b - a Young Poisoner's Handbook

   Spells                             Type                      Level
   a - Sting                          Conjuration/Poison           1
   b - Cure Poison                    Poison                       2
   c - Mephitic Cloud                 Conjuration/Poison/Air       3
   d - Olgreb's Toxic Radiance        Poison                       4
   e - Venom Bolt                     Conjuration/Poison           5
Comestibles
 c - a bread ration
 o - a meat ration
 r - a beef jerky


   Skills:
 + Level 0.4 Fighting
 + Level 0.4 Short Blades
 + Level 2.8 Dodging
 + Level 2.9 Stealth
 + Level 3.5 Spellcasting
 + Level 0.9 Conjurations
 + Level 5.1 Poison Magic


You had 8 spell levels left.
You knew the following spells:

 Your Spells              Type           Power        Failure   Level  Hunger
a - Sting                 Conj/Pois      ###.         4%          1    None


Dungeon Overview and Level Annotations

Branches:
Dungeon (2/15)

Altars:
Xom


Message History

You butcher the bat corpse.
s - a chunk of flesh Eat a chunk of flesh? (ye/n/q/i?) This raw flesh tastes terrible.
You continue eating. x2
Found a stone staircase leading down.
An adder comes into view.
Casting: Sting
Confirm with . or Enter, or press ? or * to list all spells.
Aiming: Sting
Press: ? - help, Shift-Dir - straight line, f - adder
Aim: an adder (resting)
The sting hits the adder.
The adder is lightly wounded.
The adder misses you. The adder bites you.
* * * LOW HITPOINT WARNING * * *
You are lethally poisoned!
The adder poisons you!
You die...

. #.#..# #.#..#
#.#..# #.##.#
#.##.## #.##..#
#.##..#
#######.##..#####
+..........@....#
#######.##..S...#
#....##......#
#.######.....# #
#.....#
#..#######
######..#......
...............
######.........


You could see an adder.

Vanquished Creatures
  3 adders (D:2)
  2 oozes (D:2)
  2 dart slugs (D:1)
  2 giant geckos
  3 bats
  2 goblins
  5 hobgoblins (D:1)
  A giant newt (D:2)
  2 kobolds (D:1)
  7 rats
29 creatures vanquished.

Notes
Turn   | Place    | Note
--------------------------------------------------------------
     0 | D:1      | pancakeRgood the Deep Elf Venom Mage began the quest for the Orb.
     0 | D:1      | Reached XP level 1. HP: 10/10 MP: 6/6
   274 | D:1      | Reached XP level 2. HP: 15/15 MP: 8/8
   481 | D:1      | Reached skill level 5 in Poison Magic
   839 | D:2      | Found a shimmering altar of Xom.
   862 | D:2      | Reached XP level 3. HP: 19/19 MP: 5/9
  1332 | D:2      | HP: 1/20 [adder (2)]
  1333 | D:2      | Succumbed to an adder's poison

Skill      XL: |  1  2 |
---------------+-------+-----
Poison Magic   | 5 |  5.1
Fighting       | |  0.4
Short Blades   | |  0.4
Dodging        | |  2.8
Stealth        | |  2.9
Spellcasting   | |  3.5
Conjurations   | |  0.9

Action                   || total
-------------------------++-------
Melee: Short sword       ||    34
 Cast: Sting             ||    44
  Eat: Chunk             ||     1
Armor: Robe              ||     3
Dodge: Dodged            ||    24
